Map: Abyssal Reef LE

Players

TakeSumNotes

  • Race: Terran Terran
  • League: Gold
  • Spawn Location: 11:00

VangardOne - Winner!

  • Race: Terran Terran
  • Spawn Location: 5:00

VOD

Have the link to the VOD?

Description

Time

  • Played on: Aug. 8, 2017, 1:35 p.m.
  • Length: 16:44
Show
View Real Time Build Order
Export as new Build Order

TakeSumNotes Terran 

Build Orders: Reaper Expand, MMM Bio 

Get SALT Encoding   

  12  0:01  SCV  
  13  0:13  SCV  
  14  0:17  Supply Depot  
  14  0:25  SCV  
  15  0:38  SCV  
  15  0:40  Barracks  
  16  0:47  Refinery  
  16  0:51  SCV  
  17  1:03  SCV  
  18  1:15  SCV  
  19  1:27  Orbital Command  
  19  1:30  Reaper  
  20  1:47  Command Center  
  20  1:54  SCV  
  21  2:02  Barracks  
  21  2:09  SCV  
  21  2:11  Barracks Reactor  
  22  2:16  Supply Depot  
  22  2:21  SCV  
  23  2:30  Factory  
  23  2:44  SCV  
  23  2:50  Barracks Tech Lab  
  24  2:55  Marine x2  
  26  2:58  SCV  
  26  2:59  Orbital Command  
  26  3:05  Refinery  
  27  3:12  Stimpack, Marine  
  27  3:13  Marine  
  29  3:22  SCV  
  29  3:23  Marine  
  31  3:30  SCV  
  31  3:33  Refinery  
  32  3:34  Marine x2  
  32  3:37  Factory Tech Lab  
  34  3:44  Starport  
  34  3:54  Marine x3  
  37  3:57  SCV x2  
  39  4:11  SCV x2  
  39  4:12  Marine  
  42  4:21  Barracks  
  42  4:24  Barracks  
  42  4:42  Factory Tech Lab  
  42  4:44  Marine x3  
  42  4:45  Command Center  
  45  4:49  Cloaking Field  
  45  5:02  SCV  
  45  5:04  Supply Depot  
  45  5:05  Supply Depot  
  46  5:08  SCV, Banshee, Marine x2  
  46  5:11  Barracks Reactor  
  46  5:12  Barracks Reactor  
  52  5:17  Combat Shields  
  52  5:20  Marine  
  53  5:23  SCV  
  53  5:26  Siege Tank  
  56  5:31  SCV  
  56  5:35  SCV  
  58  5:42  Marine x3  
  61  5:46  SCV  
  62  5:50  Supply Depot  
  62  5:53  Supply Depot  
  62  6:06  Marine x5  
  62  6:07  Marine x2  
  62  6:09  Siege Tank  
  72  6:11  Medivac  
  72  6:12  Supply Depot  
  72  6:13  SCV  
  72  6:14  SCV  
  76  6:20  Orbital Command  
  76  6:26  Engineering Bay  
  76  6:28  SCV x2  
  76  6:30  Marine  
  76  6:31  Marine  
  80  6:34  Marine  
  80  6:37  Marine x2  
  80  6:38  Marine  
  84  7:13  Marine x2  
  84  7:14  Marine x5  
  88  7:16  Siege Tank, Medivac  
  88  7:18  SCV x2  
  88  7:21  Orbital Command  
  96  7:22  Concussive Shells  
  96  7:26  Terran Infantry Weapons Level 1  
  96  7:27  Engineering Bay  
  95  7:30  SCV  
  95  7:35  Marine x6  
  95  7:36  Marine  
  103  7:39  SCV  
  103  7:42  SCV  
  103  7:43  Supply Depot  
  105  7:46  Supply Depot, Medivac  
  105  7:48  SCV  
  105  7:51  SCV  
  109  8:00  Siege Tank, SCV x2  
  109  8:03  SCV  
  115  8:10  Supply Depot  
  115  8:12  Terran Infantry Armor Level 1  
  115  8:14  Marine x5  
  115  8:16  SCV, Armory  
  115  8:19  SCV x2  
  123  8:22  Marine x2  
  123  8:25  Medivac  
  127  8:33  Supply Depot  
  127  8:52  SCV x2  
  127  8:53  SCV, Marine x4  
  127  8:54  Marine x3  
  127  8:55  Siege Tank, Medivac  
  140  9:02  Supply Depot  
  142  9:04  SCV  
  142  9:05  SCV x2, Terran Vehicle Weapons Level 1  
  134  9:25  Supply Depot  
  133  9:36  Sensor Tower  
  127  9:40  Marine x2  
  127  9:41  Marine x5  
  127  9:42  Siege Tank  
  127  9:43  SCV, Medivac  
  127  9:44  SCV x2  
  142  9:58  Terran Infantry Weapons Level 2  
  141  10:00  Marine x4  
  141  10:01  Marine x3  
  141  10:03  SCV x3  
  141  10:05  Refinery, Sensor Tower  
  141  10:06  Refinery  
  151  10:12  Medivac  
  148  10:18  Marine  
  143  10:22  Marine x2  
  143  10:23  Marine x4  
  143  10:24  Siege Tank  
  143  10:25  SCV  
  143  10:26  SCV x2  
  155  10:37  SCV  
  156  10:42  Medivac  
  156  10:43  Marine x5  
  156  10:44  Marine x2  
  165  10:53  Command Center, Supply Depot x2  
  165  11:17  Supply Depot, Marine x4  
  165  11:18  Marine x3  
  172  11:19  Siege Tank, Medivac  
  172  11:24  Supply Depot  
  177  11:31  Barracks  
  177  11:36  Barracks x2  
  177  11:47  Supply Depot  
  177  11:49  Medivac  
  156  12:09  Marine x5  
  156  12:10  Supply Depot, Marine x2  
  156  12:14  SCV x3  
  166  12:26  SCV  
  166  12:27  Marine  
  158  12:34  Terran Infantry Weapons Level 3, Terran Infantry Armor Level 2  
  158  12:36  Terran Vehicle And Ship Armor Level 1, Reaper x2  
  160  12:38  Barracks Reactor x3  
  160  12:39  Marine x4  
  160  12:40  Siege Tank  
  160  12:42  Medivac  
  169  12:44  Planetary Fortress  
  169  12:57  Refinery  
  169  12:59  Refinery  
  169  13:12  Medivac  
  130  14:11  Marine x2  
  130  14:12  Marine x7  
  130  14:13  Marine x2  
  130  14:14  Siege Tank, Medivac  
  139  14:36  Marine x3  
  139  14:37  Marine x7  
  139  14:38  Marine x2  
  151  14:39  SCV  
  151  14:40  SCV x2  
  151  14:44  Medivac  
  156  14:48  Marine  
  156  14:50  Siege Tank  
  141  15:14  Medivac  
  113  15:33  Marine x5  
  113  15:34  Marine x6  
  113  15:35  Marine  
  124  15:44  Medivac  
  124  15:51  Marine x5  
  124  15:52  Marine x4  
  124  15:56  Hellion  
  105  15:59  Marine x4  
  107  16:09  Marine  
  107  16:11  Marine x5  
  101  16:22  Marine  
  101  16:24  Marine x5  
  98  16:25  Marine  
Show
View Real Time Build Order
Export as new Build Order

VangardOne Terran - Winner!

Build Orders: Command Center First (CC) 

Get SALT Encoding   

  12  0:02  SCV  
  13  0:14  SCV  
  14  0:21  Supply Depot  
  14  0:26  SCV  
  15  0:43  SCV  
  16  0:55  SCV  
  17  1:06  Command Center  
  17  1:09  SCV  
  18  1:18  Barracks  
  18  1:21  SCV  
  19  1:33  SCV  
  19  1:39  Refinery  
  20  1:45  SCV  
  21  1:47  Barracks  
  21  1:57  SCV  
  22  2:02  Refinery  
  22  2:12  Orbital Command  
  22  2:18  SCV  
  23  2:27  Engineering Bay  
  23  2:31  Orbital Command  
  23  2:35  Reaper  
  23  2:43  SCV  
  24  2:50  Reaper  
  25  2:55  SCV  
  26  3:04  SCV  
  27  3:07  SCV  
  27  3:08  Refinery  
  27  3:09  Reaper  
  29  3:16  SCV  
  29  3:19  SCV  
  31  3:22  Factory  
  31  3:26  Reaper  
  32  3:52  SCV  
  33  4:00  SCV  
  33  4:01  Refinery  
  34  4:04  SCV  
  35  4:12  SCV  
  35  4:14  Barracks Tech Lab, Barracks Reactor  
  35  4:16  SCV  
  36  4:24  SCV  
  36  4:28  SCV  
  38  4:44  SCV x2  
  40  4:47  Supply Depot  
  40  4:49  Supply Depot  
  40  4:50  Supply Depot  
  40  4:56  SCV, Marine x2  
  40  4:57  Marauder  
  45  5:01  Factory  
  45  5:05  Missile Turret  
  45  5:06  Terran Infantry Weapons Level 1  
  45  5:08  SCV  
  45  5:10  Engineering Bay  
  46  5:15  Bunker  
  46  5:18  Command Center, Marauder  
  48  5:22  Missile Turret  
  48  5:24  Missile Turret  
  48  5:33  Missile Turret  
  48  5:36  Supply Depot  
  48  5:39  Marine  
  48  5:40  Marauder  
  48  5:41  Missile Turret  
  51  5:45  Factory Tech Lab  
  51  5:47  SCV  
  52  5:58  SCV  
  52  5:59  Supply Depot  
  52  6:00  SCV  
  52  6:01  Marauder  
  56  6:06  Marine  
  56  6:08  Factory Tech Lab  
  56  6:10  Siege Tank, SCV  
  61  6:12  SCV  
  62  6:22  SCV  
  62  6:23  Sensor Tower, Marauder  
  62  6:24  SCV  
  66  6:29  Sensor Tower  
  66  6:34  SCV  
  66  6:36  Planetary Fortress, SCV  
  68  6:42  Marine x2  
  68  6:44  Marauder  
  68  6:46  SCV  
  73  6:48  SCV  
  73  6:50  Siege Tank x2  
  80  6:58  SCV  
  80  7:00  SCV  
  82  7:05  Marauder  
  83  7:20  Missile Turret  
  83  7:26  SCV  
  83  7:28  Missile Turret, SCV  
  85  7:38  SCV  
  85  7:40  SCV  
  87  7:45  Siege Tank  
  87  7:47  Terran Infantry Armor Level 1  
  87  7:50  SCV  
  87  7:51  Armory  
  91  7:52  SCV  
  91  7:57  Barracks  
  92  7:59  Command Center  
  92  8:00  Barracks  
  92  8:02  SCV, Supply Depot  
  92  8:04  SCV  
  92  8:05  Supply Depot x2  
  94  8:07  Supply Depot  
  94  8:09  Starport  
  94  8:11  Stimpack  
  94  8:12  Marauder, Marine x2  
  98  8:14  SCV  
  98  8:16  SCV  
  100  8:24  Siege Tank  
  105  8:34  Marauder  
  105  8:48  Refinery  
  105  8:51  Refinery, Starport Reactor  
  105  8:55  Starport  
  105  8:56  Terran Infantry Weapons Level 2  
  105  8:58  Terran Vehicle Weapons Level 1  
  97  9:26  Barracks Reactor x2  
  96  9:47  Missile Turret  
  96  10:12  Combat Shields  
  90  10:14  Marauder, Marine x2  
  90  10:15  Marine x2  
  90  10:17  Siege Tank  
  90  10:18  Siege Tank  
  90  10:19  Terran Infantry Armor Level 2  
  90  10:21  Medivac x2  
  106  10:25  Starport Tech Lab  
  106  10:36  SCV, Marauder  
  109  10:48  SCV  
  110  10:52  Command Center  
  110  10:57  Marauder  
  110  11:00  SCV  
  113  11:12  SCV  
  113  11:17  Marine  
  113  11:18  Marine  
  116  11:19  Terran Infantry Weapons Level 3, Marauder  
  116  11:21  Marine  
  116  11:22  Marine x3  
  116  11:25  SCV, Medivac x2  
  123  11:26  Viking  
  123  11:30  Widow Mine x2  
  123  11:31  Concussive Shells  
  133  11:45  Supply Depot  
  133  11:46  Supply Depot, Terran Vehicle Weapons Level 2  
  133  11:49  Supply Depot  
  133  11:53  Supply Depot  
  133  11:54  Marine x3  
  133  12:00  Viking  
  133  12:01  Viking  
  133  12:02  Siege Tank, Marauder  
  120  12:13  Marine x3  
  120  12:14  Marine x3  
  126  12:18  Siege Tank  
  129  12:23  Marauder  
  131  12:31  Marine  
  131  12:34  Siege Tank  
  135  12:37  Sensor Tower  
  135  12:44  Marauder  
  135  12:50  Siege Tank  
  138  13:06  Siege Tank, Marauder  
  140  13:29  Marine  
  140  13:30  Marine x3  
  140  13:31  Marauder  
  140  13:32  Terran Infantry Armor Level 3  
  140  13:34  Viking, Medivac x2  
  152  13:45  Refinery  
  152  13:46  Planetary Fortress  
  152  13:47  Refinery  
  152  13:52  Marauder  
  137  14:04  Viking  
  125  14:25  Marine  
  125  14:26  Marine x6  
  125  14:29  Viking x2  
  136  14:31  Siege Tank  
  136  14:34  Medivac  
  141  14:43  Marine x5  
  141  14:44  Marauder, Marine  
  149  14:59  Medivac  
  151  15:01  Marine x6  
  151  15:03  Siege Tank  
  151  15:06  Marauder  
  121  15:27  Marauder  
  120  15:29  Viking x3  
  120  15:31  Marine x2  
  120  15:32  Marine x4  
  132  15:35  Siege Tank  
  135  15:48  Marauder  
  135  15:49  Marine x2  
  139  15:50  Marine x2  
  139  15:59  Viking  
  141  16:10  Marauder  
Tags
 
Add a new tag
Caveats
  • Supply blocks, unpowered buildings, or Contaminate may cause inaccurate times.
  • Supply counts are checked every 10 seconds.